 Dungeon Crawl Stone Soup version 0.29.1-1-gd02db6906a (webtiles) character file.

Game seed: 10398008763424172574

268 Demigod47 the Cudgeller (level 6, 0/53 HPs)
             Began as a Minotaur Fighter on Oct 13, 2022.
             Killed from afar by an orc wizard (4 damage)
             ... with a magic dart
             ... on level 4 of the Dungeon.
             The game lasted 00:06:08 (2590 turns).

Demigod47 the Cudgeller (Minotaur Fighter)          Turns: 2590, Time: 00:06:08

Health: 0/53       AC:  9    Str: 22    XL:     6   Next: 0%
Magic:  5/5        EV:  9    Int:  5    God:
Gold:   102        SH:  4    Dex: 10    Spells: 5/5 levels left

rFire   . . .      SeeInvis .   a - +0 flail
rCold   . . .      Faith    +   c - +0 buckler
rNeg    . . .      Spirit   .   b - +0 scale mail
rPois   .          Reflect  .   (helmet restricted)
rElec   .          Harm     .   h - +0 cloak
rCorr   .          Rampage  .   i - +0 pair of gloves
Will    .....                   (no boots)
Stlth   ..........              o - amulet of faith
HPRegen 0.17/turn               (no ring)
MPRegen 0.09/turn               (no ring)

@: no status effects
A: horns 2, retaliatory headbutt
a: no special abilities


You were on level 4 of the Dungeon.
You visited 1 branch of the dungeon, and saw 4 of its levels.

You collected 102 gold pieces.

Inventory:

Hand Weapons
 a - a +0 flail (weapon)
 d - the +3 woodcutter's axe {vorpal}
   (You found it on level 3 of the Dungeon)

   It inflicts extra damage upon your enemies.
Missiles
 e - 2 javelins (quivered)
Armour
 b - a +0 scale mail (worn)
 c - a +0 buckler (worn)
 h - a +0 cloak (worn)
 i - a +0 pair of gloves (worn)
Jewellery
 o - an amulet of faith (around neck)
Scrolls
 g - a scroll of blinking {unknown}
 k - a scroll of identify {unknown}
 l - a scroll of enchant weapon {unknown}
 m - 2 scrolls of teleportation {unknown}
 n - a scroll of acquirement {unknown}
 p - a scroll of torment {unknown}
 q - a scroll of butterflies {unknown}
 r - a scroll of silence {unknown}
 s - 2 scrolls of amnesia {unknown}
 t - a scroll of enchant armour {unknown}
Potions
 f - a potion of invisibility {unknown}
 j - a potion of mutation {unknown}
 u - a potion of berserk rage {unknown}


   Skills:
 + Level 4.4 Fighting
 * Level 5.5 Maces & Flails
 + Level 4.7 Armour
 + Level 1.5 Dodging
 + Level 0.2 Stealth
 + Level 4.2 Shields


You had 5 spell levels left.
You didn't know any spells.
Your spell library contained the following spells:

 Spells                   Type           Power      Damage    Failure   Level
 Portal Projectile        Hex/Tloc       0%         N/A       99%         3
 Tukima's Dance           Hex            0%         N/A       99%         3
 Blade Hands              Tmut           0%         N/A       100%        5


Dungeon Overview and Level Annotations

Branches:
Dungeon (4/15)
 Temple: D:4-7

Altars:

Annotations:
D:3 Grinder


Innate Abilities, Weirdness & Mutations

You have a pair of horns on your head.
You reflexively headbutt those who attack you in melee.


Message History

Your +0 pair of gloves unmelds from your body.
Your +0 buckler unmelds from your body.
Your +0 scale mail unmelds from your body.
Found 10 gold pieces.
There is a stone staircase leading down here.
You climb downwards.
The orc shouts!
The orc wizard shouts!
The orc shouts!
Found a scroll labelled EJAHAALIFU.
There is a stone staircase leading up here.
You block the orc's attack. The orc wizard barely misses you.
You furiously retaliate!
You headbutt the orc wizard.
You climb upwards.
Level annotation: Grinder Grinder blinks!
There is a stone staircase leading down here.
The orc closely misses you.
The orc wizard gestures wildly while chanting.
The orc wizard flickers and vanishes!
Deactivating autopickup; reactivate with Ctrl-A.
You climb downwards.
Reactivating autopickup.
The orc barely misses you.
There is a stone staircase leading up here.
You barely miss the orc. You block the orc's attack.
The orc closely misses you. You furiously retaliate!
You headbutt the orc!
You kill the orc!
Something hits you.
* * * LOW HITPOINT WARNING * * *
Deactivating autopickup; reactivate with Ctrl-A.
You have reached level 6!
You barely miss the orc. Your headbutt misses the orc.
The orc hits you but does no damage. Something hits you.
* * * LOW HITPOINT WARNING * * *
You hit the orc but do no damage. You headbutt the orc!
You kill the orc!
Something hits you.
* * * LOW HITPOINT WARNING * * *
A magic dart appears from out of thin air!
The magic dart hits you.
You die...

# #.## ##
.... #.#
#..###.#
#.@<#
#.).{...?..
##.########
###


There were no monsters in sight!

Vanquished Creatures
  A gnoll sergeant (D:3)
  An iguana (D:3)
  5 gnolls (D:3)
  2 adders (D:2)
  2 river rats (D:3)
  An ufetubus (D:2)
  2 orcs (D:4)
  8 endoplasms
  4 giant cockroaches
  8 goblins
  5 hobgoblins
  10 jackals
  3 quokkas (D:3)
  7 ball pythons
  8 bats
  5 frilled lizards
  7 kobolds
  8 rats
87 creatures vanquished.

Vanquished Creatures (others)
  A plant (D:1)
1 creature vanquished.

Grand Total: 88 creatures vanquished

Notes
Turn   | Place    | Note
-------+----------+-------------------------------------------
     0 | D:1      | Demigod47 the Minotaur Fighter began the quest for the Orb.
     0 | D:1      | Reached XP level 1. HP: 19/19 MP: 0/0
   132 | D:1      | Reached XP level 2. HP: 27/27 MP: 1/1
   371 | D:1      | Reached skill level 3 in Maces & Flails
   756 | D:2      | Reached XP level 3. HP: 33/33 MP: 2/2
  1281 | D:2      | Reached skill level 4 in Maces & Flails
  1281 | D:2      | Reached XP level 4. HP: 40/40 MP: 3/3
  1749 | D:3      | Reached skill level 1 in Dodging
  1750 | D:3      | Noticed a gnoll sergeant
  1770 | D:3      | Reached XP level 5. HP: 28/46 MP: 4/4
  1783 | D:3      | Reached skill level 5 in Maces & Flails
  1797 | D:3      | Found the +3 woodcutter's axe {vorpal}
  2121 | D:3      | Identified the +5 dagger of Tivot {vorpal, *Noise Will++
                  | Str+10}
  2494 | D:3      | Noticed Grinder
  2527 | D:3      | Paralysed by Grinder for 2 turns
  2539 | D:3      | Paralysed by Grinder for 5 turns
  2561 | D:3      | Paralysed by Grinder for 3 turns
  2588 | D:4      | Reached XP level 6. HP: 8/53 MP: 5/5
  2590 | D:4      | Killed from afar by an orc wizard

Illustrated notes

Levels and vault maps discovered:
D:1:      dpeg_arrival_simpleton_c, layout_rooms, serial_bayou_pond_b
D:2:      layout_basic, minivault_4, st_stairs_13
D:3:      layout_loops_cross, gup_sewer_entry_spiral, corexii_hall_statues_l,
          pf_guarded_unrand_woodcutter, uniq_grinder
D:4:      layout_loops_ring

Skill      XL: |  1  2  3  4  5 |
---------------+----------------+-----
Fighting       | 4 |  4.4
Maces & Flails | 3 4 5 |  5.5
Armour         | 4 |  4.7
Shields        | 4 |  4.2
Dodging        | 1 |  1.5
Stealth        | |  0.2

Action                   |  1- 3 |  4- 6 || total
-------------------------+-------+-------++-------
Melee: Flail             |   107 |    82 ||   189
       Headbutt          |    14 |    16 ||    30
       Unarmed           |       |     8 ||     8
  Use: Potion            |       |     3 ||     3
Armor: Scale mail        |    92 |    30 ||   122
Dodge: Dodged            |    78 |    42 ||   120
Block: Buckler           |    32 |    24 ||    56
